 Dungeon Crawl Stone Soup version 0.18.1-48-g4cf74bf (webtiles) character file.

41 Wander the Poker (level 3, -1/27 HPs)
             Began as a Merfolk Gladiator on Sept 9, 2016.
             Slain by an adder (3 damage)
             ... on level 2 of the Dungeon.
             The game lasted 00:01:27 (1242 turns).

Wander the Poker (Merfolk Gladiator)                Turns: 1242, Time: 00:01:27

Health: -1/27      AC:  4    Str: 15    XL:     3   Next: 52%
Magic:  3/3        EV: 13    Int:  7    God:
Gold:   114        SH:  0    Dex: 15    Spells: 0 memorised, 2 levels left

rFire  . . .     SeeInvis .     a - +0 trident
rCold  . . .     Gourm    .     b - +0 leather armour
rNeg   . . .     Faith    .     (no shield)
rPois  .         Spirit   .     c - +0 helmet
rElec  .         Dismiss  .     (no cloak)
rCorr  .         Reflect  .     (no gloves)
SustAt .         Harm     .     (no boots)
MR     .....     Rnd*Tele +     (no amulet)
Stlth  +.........               (no ring)
                                l - ring of teleportation (curse)

@: lethally poisoned (-1 -> -9), not resistant to hostile enchantments, very
unstealthy
A: change form in water, swift swim
a: no special abilities


You were on level 2 of the Dungeon.
You were not hungry.

You visited 1 branch of the dungeon, and saw 2 of its levels.

You collected 114 gold pieces.

Inventory:

Hand Weapons
 a - a +0 trident (weapon)
Missiles
 d - 3 throwing nets (quivered)
Armour
 b - a +0 leather armour (worn)
 c - a +0 helmet (worn)
Jewellery
 l - a cursed ring of teleportation (left hand)
Scrolls
 e - 3 scrolls of fog {unknown}
 g - 4 scrolls of remove curse {unknown}
 k - a scroll of enchant armour {unknown}
 n - a scroll of noise {unknown}
 p - a scroll of amnesia {unknown}
Potions
 h - 2 potions of flight {unknown}
 i - 2 potions of resistance {unknown}
 j - a potion of curing {unknown}
 o - a potion of might {unknown}
Comestibles
 f - a bread ration
 m - a beef jerky


   Skills:
 - Level 2.1 Fighting
 * Level 6.4 Polearms
 - Level 2.0 Throwing
 - Level 4.0 Dodging


You had 2 spell levels left.
You didn't know any spells.

Dungeon Overview and Level Annotations

Branches:
Dungeon (2/15)

Altars:
Nemelex Xobeh


Message History

* * * LOW HITPOINT WARNING * * *
You feel sick. The bat misses you. The adder barely misses you.
You completely miss the adder.
The adder is heavily wounded.
The bat closely misses you. The rat misses you.
The adder bites you but does no damage.
You closely miss the adder.
The adder is heavily wounded.
* * * LOW HITPOINT WARNING * * *
You feel sick. The bat misses you. The adder bites you but does no damage.
The rat bites you.
* * * LOW HITPOINT WARNING * * *
The rat closely misses you. The adder bites you.
* * * LOW HITPOINT WARNING * * *
You are more poisoned.
The adder poisons you!
Unknown command.
The bat misses you. The rat misses you. The rat barely misses you.
The adder bites you.
You die...

#........##.............#
#.......)##.†...........#
#........##.............#
#......(.##.............#
#.....(..##.............#
##.......................#
#......<.................#
....#..####..#b?.........#
...##(## ...#...@......###
........ ......rSr######
......## .####.#....
#####... #>....... # .##
........... # #...........
##..?....... #..........


You could see an adder, a bat and 2 rats.

Vanquished Creatures
  An adder (D:2)
  5 bats
  3 giant cockroaches (D:1)
  5 goblins
  2 quokkas (D:2)
  4 giant newts (D:1)
  8 kobolds
  4 rats
32 creatures vanquished.

Vanquished Creatures (others)
  4 toadstools (D:1)
4 creatures vanquished.

Grand Total: 36 creatures vanquished

Notes
Turn   | Place    | Note
--------------------------------------------------------------
     0 | D:1      | Wander the Merfolk Gladiator began the quest for the Orb.
     0 | D:1      | Reached XP level 1. HP: 16/16 MP: 1/1
   103 | D:1      | Reached skill level 5 in Polearms
   155 | D:1      | Reached XP level 2. HP: 22/22 MP: 2/2
   653 | D:1      | Found a sparkling altar of Nemelex Xobeh.
  1043 | D:2      | Reached skill level 6 in Polearms
  1043 | D:2      | Reached XP level 3. HP: 27/27 MP: 3/3
  1242 | D:2      | Slain by an adder

Skill      XL: |  1  2 |
---------------+-------+-----
Polearms       | 5 6 |  6.4
Fighting       | |  2.1
Throwing       | |  2.0
Dodging        | |  4.0

Action                   || total
-------------------------++-------
Melee: Trident           ||   106
 Stab: Sleeping          ||     1
  Eat: Chunk             ||     1
Armor: Leather armour    ||    25
Dodge: Dodged            ||    79
